[Event "Swedish U16 Team Championship 2019 - Final"]
[Site "Molnlycke Kulturhus, Biblioteksgatan 2, Molnlycke, Sweden"]
[Date "2019.08.16"]
[Round "2.10"]
[White "Joensson, Oscar"]
[Black "Ljung, Harald"]
[Result "0-1"]
[TimeControl "90 minutes + 30 seconds per move from move one."]
[WhiteElo "1790"]
[BlackElo "1811"]

1. d4 Nf6 2. Nf3 d5 3. e3 e6 4. Nbd2 Be7 5. Bd3 b6 6. e4 dxe4 7. Nxe4 Bb7 8. Qe2 Nbd7 9. O-O O-O 10.
c3 c5 11. dxc5 Nxc5 12. Nxc5 Bxc5 13. Bg5 Be7 14. Rad1 Qc7 15. Bh4 Rfd8 16. Rd2 a6 17. Rfd1 b5 18. Bg3 Qc6 19. Bb1 h6 20.
Rd4 Rxd4 21. Rxd4 Rd8 22. Rxd8+ Bxd8 23. Qd3 Qd5 24. Qxd5 Bxd5 25. Ne5 Ne4 26. Bf4 Bb6 27. Ng4 f6 28.
Be3 Bc7 29. Bxe4 Bxe4 30. Bxh6 f5 31. f3 fxg4 32. Bxg7 Kxg7 33. fxe4 Kf6 34. Kf2 Bxh2 35. g3 Ke5 36. Kg2 Kxe4 37.
Kxh2 Kd3 38. Kg2 e5 39. Kf2 Kc2 40. Ke3 Kxb2 41. Ke4 Kxa2 42. Kxe5 Kb3 43. Kf5 a5 44. Kxg4 a4 45. Kh5 a3 46.
g4 a2 47. g5 a1=Q 48. Kh6 Qxc3 49. Kh7 Kc4 50. g6 b4 0-1

[Event "Swedish U16 Team Championship 2019 - Final"]
[Site "Molnlycke Kulturhus, Biblioteksgatan 2, Molnlycke, Sweden"]
[Date "2019.08.16"]
[Round "2.11"]
[White "Nord, Gabriel"]
[Black "Morell, Ludvig"]
[Result "0-1"]
[TimeControl "90 minutes + 30 seconds per move from move one."]
[WhiteElo "1762"]
[BlackElo "1771"]

1. e4 c5 2. Nc3 Nc6 3. g3 g6 4. Bg2 Bg7 5. d3 d6 6. Be3 Rb8 7. a4 e6 8. Qd2 Nge7 9. Nge2 O-O 10.
Bh6 a6 11. Bxg7 Kxg7 12. h4 h5 13. Nf4 e5 14. Nfd5 Nxd5 15. Nxd5 Nd4 16. Qd1 b5 17. c3 Nc6 18. Qe2 Ne7 19.
Ne3 bxa4 20. Rxa4 Qb6 21. Nc4 Qc6 22. Ra1 f5 23. f4 fxe4 24. Bxe4 Qc7 25. Qf3 Bg4 26. Qg2 exf4 27. gxf4 Rxf4 28.
Rxa6 d5 29. Nd6 dxe4 30. Qg3 g5 31. hxg5 Ng6 32. Rf1 Rxf1+ 33. Kxf1 Qd7 34. Nxe4 Qf5+ 35. Kg1 Rf8 36. Nf6 Qxg5 37.
Qc7+ Bd7+ 38. Kh1 Rxf6 39. Rxf6 Kxf6 40. Qd8+ Ne7 41. Qxd7 Qc1+ 42. Kg2 Qxb2+ 43. Kf3 Qxc3 44. Qd6+ Kf7 45.
Kg2 Qd4 46. Qg3 Qg7 47. Kh1 Qxg3 48. d4 Qg4 0-1

[Event "Swedish U16 Team Championship 2019 - Final"]
[Site "Molnlycke Kulturhus, Biblioteksgatan 2, Molnlycke, Sweden"]
[Date "2019.08.16"]
[Round "2.12"]
[White "Johansson, William 2007"]
[Black "Anfalt, Erik"]
[Result "1/2-1/2"]
[TimeControl "90 minutes + 30 seconds per move from move one."]
[WhiteElo "1682"]
[BlackElo "1558"]

1. d4 Nf6 2. Nf3 g6 3. e3 Bg7 4. Bd3 d5 5. Nbd2 c5 6. b3 O-O 7. Bb2 Nc6 8. a3 Qc7 9. O-O b6 10.
Qe2 Bb7 11. Ne5 Nxe5 12. dxe5 Nd7 13. f4 e6 14. Nf3 Rac8 15. Bb5 Nb8 16. Nd2 a6 17. Bd3 b5 18. c4 bxc4 19. bxc4 Rfd8 20.
Rad1 Qb6 21. Bc3 Nc6 22. Rb1 Qa7 23. cxd5 exd5 24. Rxb7 Qxb7 25. Bxa6 Qa7 26. Bxc8 Rxc8 27. Bb2 Rb8 28.
Rb1 c4 29. Qe1 Bf8 30. f5 Bxa3 31. Bxa3 Qxa3 32. Rxb8+ Nxb8 33. fxg6 hxg6 34. Nb1 Qe7 35. Qd2 Qxe5 36. Nc3 Nc6 37.
Nxd5 Qd6 38. e4 Qc5+ 39. Kh1 Qa3 40. Qe1 Nd4 41. Qc3 Qxc3 42. Nxc3 Kg7 43. Kg1 Kf6 44. Kf2 Ke5 45. Ke3 Ne6 46.
g3 f6 47. h4 f5 48. exf5 Kxf5 49. Ne4 Kg4 50. Kf2 Nd4 51. Ke3 Nf5+ 52. Kf2 Nxg3 53. Nxg3 c3 54. Ne2 c2 55. Ke3 Kxh4 56.
Kd2 Kg4 57. Kxc2 Kf3 58. Kd2 g5 59. Ke1 g4 60. Kf1 1/2-1/2

[Event "Swedish U16 Team Championship 2019 - Final"]
[Site "Molnlycke Kulturhus, Biblioteksgatan 2, Molnlycke, Sweden"]
[Date "2019.08.16"]
[Round "2.13"]
[White "Rasmusson, Max"]
[Black "Rasti, Arvin"]
[Result "0-1"]
[TimeControl "90 minutes + 30 seconds per move from move one."]
[WhiteElo "1624"]
[BlackElo "2116"]

1. g3 g6 2. c4 c5 3. Nc3 Bg7 4. Bg2 Nc6 5. d3 e5 6. Nf3 Nge7 7. O-O d6 8. Rb1 O-O 9. a3 a5 10.
Nb5 h6 11. e4 f5 12. Ne1 Be6 13. Nc2 Qd7 14. Ne3 Nd4 15. Nxd4 exd4 16. Nd5 Nxd5 17. exd5 Bf7 18. b4 b6 19.
bxc5 bxc5 20. Bd2 a4 21. Rb5 Rfb8 22. Qb1 Qc7 23. Qc2 Rxb5 24. cxb5 Qb6 25. Rb1 Ra7 26. h4 Be8 27. Qc4 Kh7 28.
Bf3 Rb7 29. Qxa4 Bxb5 30. Qb3 Qc7 31. a4 Ba6 32. Qc2 Rxb1+ 33. Qxb1 c4 34. dxc4 Qxc4 35. Bf4 Bf8 36. Qa1 Be7 37.
Qc1 Qxc1+ 38. Bxc1 g5 39. hxg5 hxg5 40. Bd2 Kg6 41. Bg2 Bd8 42. f4 g4 43. a5 Bc4 44. Kf2 Kf7 45. Ke1 Ke7 46. Kf2 Kd7 47. Ke1 Kc8 48.
Kf2 Kb7 49. Bb4 Bc7 50. Kg1 Bb8 51. Kf2 Ka6 52. Bf1 Bxf1 53. Kxf1 Kb5 54. Bd2 Bc7 55. Ke2 Bxa5 56. Bxa5 Kxa5 57. Kd3 Kb5 58. Kxd4 Kb4 0-1

[Event "Swedish U16 Team Championship 2019 - Final"]
[Site "Molnlycke Kulturhus, Biblioteksgatan 2, Molnlycke, Sweden"]
[Date "2019.08.16"]
[Round "2.14"]
[White "Lindholm, Gustav"]
[Black "Holmquist, Oliver 2006"]
[Result "1-0"]
[TimeControl "90 minutes + 30 seconds per move from move one."]
[WhiteElo "2006"]
[BlackElo "1137"]

1. d4 d5 2. c4 e6 3. Nc3 Nf6 4. Bg5 h6 5. Bxf6 Qxf6 6. cxd5 exd5 7. Nxd5 Qd6 8. Nc3 Nc6 9. e3 Bf5 10.
Nf3 Bg4 11. Be2 Be7 12. O-O a6 13. Rc1 Bg5 14. Qa4 Bxf3 15. Bxf3 O-O 16. Ne4 Qe7 17. Nxg5 Qxg5 18. Bxc6 bxc6 19. Rxc6 Qe7 20. Rfc1 Ra7 21.
Rxa6 Rxa6 22. Qxa6 Qb4 23. Qa3 Rb8 24. Qxb4 Rxb4 25. b3 Rb7 26. Kf1 f5 27. Ke2 Kf7 28. Rc6 Ra7 29. a4 Rb7 30. a5 Rxb3 31. Rxc7+ Kg6 32. a6 Ra3 33. a7 Kf6 34. Kf3 g5 35. Rc6+ Ke7 36.
Rxh6 Rxa7 37. Rh7+ 1-0

[Event "Swedish U16 Team Championship 2019 - Final"]
[Site "Molnlycke Kulturhus, Biblioteksgatan 2, Molnlycke, Sweden"]
[Date "2019.08.16"]
[Round "2.15"]
[White "Nordin, Marcus 2007"]
[Black "Strom-Engdahl, Alexander"]
[Result "0-1"]
[TimeControl "90 minutes + 30 seconds per move from move one."]
[WhiteElo "1162"]
[BlackElo "1858"]

1. e4 e5 2. Nf3 Nf6 3. Nc3 Nc6 4. Bc4 Be7 5. d3 O-O 6. Bg5 d6 7. h3 Be6 8. Bb3 h6 9. Bh4 Qd7 10.
O-O Ne8 11. Bxe6 fxe6 12. Qe2 Bxh4 13. Nxh4 Nd4 14. Qd2 g5 15.
Nf3 Rxf3 16. h4 Qg7 17. hxg5 hxg5 18.
Ne2 Nxe2+ 19. Qxe2 Rf6 20. f3 Rh6 21. Kf2 Nf6 22. Rh1 Kf7 23. g4 Rah8 24. Kg2 Qh7 25. Qd1 Rh2+ 26. Rxh2 Qxh2+ 27. Kf1 Qg3 28. Qd2 Rh1+ 29. Ke2 Rh2+ 30.
Kd1 Qxf3+ 31. Kc1 Rh1+ 32. Qe1 Rxe1+ 33. Kd2 Nxe4+ 34. dxe4 Qe3# 0-1

[Event "Swedish U16 Team Championship 2019 - Final"]
[Site "Molnlycke Kulturhus, Biblioteksgatan 2, Molnlycke, Sweden"]
[Date "2019.08.16"]
[Round "2.16"]
[White "Lindholm, Marcus"]
[Black "Johansson, Sigge"]
[Result "1-0"]
[TimeControl "90 minutes + 30 seconds per move from move one."]
[WhiteElo "1412"]
[BlackElo "1123"]

1. e4 e5 2. Nf3 Nc6 3. Bc4 d6 4. h3 Nf6 5. Nc3 Be7 6. O-O O-O 7. d4 exd4 8. Nxd4 Ne5 9. Bb3 b6 10.
f4 Ng6 11. Qe2 Bb7 12. Rd1 Re8 13. Kh1 Qd7 14. Ba4 c6 15. e5 Bd8 16. Nf3 Qc7 17. exd6 Qd7 18. Ne5 Qe6 19. Nxg6 Qxe2 20.
Nxe2 Rxe2 21. Ne5 Ne4 22. Bb3 Nf2+ 23. Kh2 Nxd1 24. c3 Ne3 25. Bxe3 Rxe3 26. Kg1 Bf6 27. Kf2 Bxe5 28. Kxe3 Bxd6 29.
Rd1 Re8+ 30. Kf3 c5+ 31. Kf2 Bxf4 32. Rd7 Rb8 33. Rxf7 Bd6 34. Rxb7+ Kh8 35. Rxa7 h6 36. Rd7 Rf8+ 37.
Rf7 Rxf7+ 38. Bxf7 Kh7 39. Ke3 g6 40. Ke4 g5 41. Kd5 Bf4 42. Kc6 Bc1 43. b3 Bd2 44. Kxb6 Bxc3 45. Kxc5 Kg7 46.
Bd5 Kf8 47. a4 Ke8 48. b4 Kd8 49. a5 Kc8 50. a6 Kb8 51. b5 Be1 52. b6 Bf2+ 53. Kc6 Ka8 54. Kc7# 1-0

[Event "Swedish U16 Team Championship 2019 - Final"]
[Site "Molnlycke Kulturhus, Biblioteksgatan 2, Molnlycke, Sweden"]
[Date "2019.08.16"]
[Round "2.18"]
[White "Hjernestam, John"]
[Black "Lyngsjo, Luke"]
[Result "1-0"]
[TimeControl "90 minutes + 30 seconds per move from move one."]
[WhiteElo "1376"]
[BlackElo "1107"]

1. d4 Nf6 2. Bf4 d6 3. e3 g6 4.
c3 Bg7 5. Bd3 O-O 6. Nd2 Nbd7 7. Ne4 Nxe4 8. Bxe4 e5 9. Bg3 f5 10. Bd5+ Kh8 11. Qd2 Nf6 12. Bh4 c6 13. Bb3 Qc7 14. Bxf6 Rxf6 15. h4 h5 16. Nf3 Bh6 17. Ng5 Bxg5 18. hxg5 Rf8 19. O-O-O d5 20. dxe5 Qxe5 21. Qd4 Qxd4 22. Rxd4 b6 23. c4 dxc4 24. Bxc4 c5 25. Rd6 Kg7 26. Rhd1 f4 27. e4 Re8 28. Rf6 Rxe4 29. Bd5 Re5 30. Rf7+ Kh8 31. Bxa8 1-0

[Event "Swedish U16 Team Championship 2019 - Final"]
[Site "Molnlycke Kulturhus, Biblioteksgatan 2, Molnlycke, Sweden"]
[Date "2019.08.17"]
[Round "3.1"]
[White "Trost, Edvin"]
[Black "Ytterberg, Felix"]
[Result "0-1"]
[TimeControl "90 minutes + 30 seconds per move from move one."]
[WhiteElo "1951"]
[BlackElo "2033"]

1. e4 e5 2. Nf3 Nc6 3. Bb5 a6 4. Ba4 Nf6 5. O-O Be7 6. Re1 b5 7. Bb3 O-O 8. c3 d6 9. h3 Nb8 10.
d4 Nbd7 11. c4 c6 12. a3 Bb7 13. Nc3 Re8 14. Ba2 h6 15. b4 Bf8 16. dxe5 Nxe5 17. Nxe5 dxe5 18. c5 a5 19. Qb3 Qc7 20.
Be3 a4 21. Qc2 Rad8 22. Rad1 Bc8 23. Rxd8 Rxd8 24. Rd1 Rd7 25. Rxd7 Qxd7 26. Qd2 Qxd2 27. Bxd2 g6 28. Kf1 Kg7 29. Ke2 Ne8 30. Kd3 Nc7 31.
Be3 Be6 32. Bxe6 Nxe6 33. g3 Be7 34. Ne2 f6 35. Bd2 Nxc5+ 36. bxc5 Bxc5 37. Bb4 Bxf2 38. g4 Kf7 39. Kc3 c5 40. Ba5 Be1+ 0-1

[Event "Swedish U16 Team Championship 2019 - Final"]
[Site "Molnlycke Kulturhus, Biblioteksgatan 2, Molnlycke, Sweden"]
[Date "2019.08.17"]
[Round "3.2"]
[White "Ivarsson, Sebastian"]
[Black "Sorensen, Hampus"]
[Result "0-1"]
[TimeControl "90 minutes + 30 seconds per move from move one."]
[BlackTitle "FM"]
[WhiteElo "2001"]
[BlackElo "2356"]

1. d4 d5 2. c4 e6 3. Nf3 Nf6 4. Nc3 Bb4 5. Bg5 h6 6. Bh4 g5 7. Bg3 dxc4 8. e3 b5 9. a4 c6 10.
Nd2 Bb7 11. Be5 Nbd7 12. f4 gxf4 13. Bxf4 Nd5 14. Nxd5 cxd5 15. axb5 e5 16. dxe5 Nc5 17. Qh5 Ne4 18. O-O-O Bxd2+ 19. Rxd2 Qa5 20. Rd4 c3 21. e6 Qa1+ 22. Kc2 Qxb2+ 23. Kd1 c2+ 0-1

[Event "Swedish U16 Team Championship 2019 - Final"]
[Site "Molnlycke Kulturhus, Biblioteksgatan 2, Molnlycke, Sweden"]
[Date "2019.08.17"]
[Round "3.3"]
[White "Svetic, Matija"]
[Black "Dingertz, Erik"]
[Result "1/2-1/2"]
[TimeControl "90 minutes + 30 seconds per move from move one."]
[WhiteElo "1775"]
[BlackElo "1888"]

1. e4 e5 2. Bc4 Nc6 3. Nc3 Nf6 4. d3 Bc5 5. f4 d6 6. Nf3 a6 7. a3 Bg4 8. Ne2 Bxf3 9. gxf3 Nh5 10.
h4 Qf6 11. f5 h6 12. Nc3 Ne7 13. Qd2 Nf4 14. Qh2 Nh5 15. Qg2 O-O-O 16. Qg4 Nf4 17. Bxf4 exf4 18. Qxf4 Bd4 19. Qd2 Rhe8 20.
Ne2 1/2-1/2

[Event "Swedish U16 Team Championship 2019 - Final"]
[Site "Molnlycke Kulturhus, Biblioteksgatan 2, Molnlycke, Sweden"]
[Date "2019.08.17"]
[Round "3.4"]
[White "Ljung, Harald"]
[Black "Wikman, Viktor 2006"]
[Result "1/2-1/2"]
[TimeControl "90 minutes + 30 seconds per move from move one."]
[WhiteElo "1811"]
[BlackElo "1662"]

1. d4 Nf6 2. c4 e6 3. Nc3 Bb4 4. Qc2 Nc6 5. Nf3 d6 6. a3 Bxc3+ 7. Qxc3 O-O 8. e3 Qe7 9. Be2 e5 10.
d5 Nb8 11. b3 Nbd7 12. Bb2 Nc5 13. O-O Nfe4 14. Qc2 Bf5 15. Qd1 Bd7 16. Rc1 a5 17. Bd3 f5 18. b4 Nxd3 19. Qxd3 f4 20.
exf4 Rxf4 21. g3 Rxf3 22. Qxf3 Nd2 23. Qe3 Nxf1 24. Rxf1 Bh3 25. Re1 axb4 26. axb4 Re8 27. Qe4 Rf8 28.
Bc1 Qf7 29. Be3 Bf5 30. Qf3 Qg6 31. Qg2 Bd3 32. Rc1 Qg4 33. h3 Qe2 34. c5 Qb2 35. cxd6 cxd6 36. f4 Qxb4 37. fxe5 dxe5 38.
Bc5 Qa4 39. Bxf8 Qd4+ 40. Qf2 Qxf2+ 41. Kxf2 Kxf8 42. Rc8+ Ke7 43. Rc7+ Kd6 44. Rxb7 g5 45. Ke3 Bg6 46. Rb5 Bf5 47.
g4 Bg6 48. Ra5 Bc2 49. Rb5 Bg6 50. Ke4 1/2-1/2

[Event "Swedish U16 Team Championship 2019 - Final"]
[Site "Molnlycke Kulturhus, Biblioteksgatan 2, Molnlycke, Sweden"]
[Date "2019.08.17"]
[Round "3.5"]
[White "Sandberg, Simon"]
[Black "Nord, Gabriel"]
[Result "0-1"]
[TimeControl "90 minutes + 30 seconds per move from move one."]
[WhiteElo "1375"]
[BlackElo "1762"]

1. e4 e5 2. Nf3 Nc6 3. d4 exd4 4. Nxd4 Bc5 5. Be3 Qf6 6. c3 d6 7. Be2 Bd7 8. O-O Nge7 9. Nxc6 Bxc6 10.
Bxc5 dxc5 11. f3 Rd8 12. Qc1 Ng6 13. Rd1 O-O 14. Na3 Nf4 15. Bf1 a6 16. Qe3 Qg5 17. Kh1 Rde8 18. g3 Ne6 19.
Qxg5 Nxg5 20. Kg2 b5 21. b4 c4 22. h4 Ne6 23. Nc2 f5 24. exf5 Rxf5 25. Ne1 g5 26. g4 Rf4 27. Kg3 gxh4+ 28. Kxh4 Bxf3 29. Nxf3 Rxf3 30. Rac1 Nf4 31. g5 Re4 32. Kg4 Rfe3 33. Rd4 Rxd4 34. cxd4 Nd3 35. Bxd3 Rxd3 36. Kf4 Rxd4+ 37. Ke5 Rg4 38. Kf6 Rf4+ 39. Ke5 Rf2 40. Rd1 Kg7 41. Rd7+ Kg6 42. Rxc7 Kxg5 43. Rg7 Kh6 44. Rg1 Rxa2 45.
Rh1+ Kg7 46. Rg1+ Kh8 47. Kf6 Rf2+ 48. Ke7 c3 49. Rg3 c2 50. Rc3 h5 51. Rc5 Kg7 52. Rg5 Kh6 53. Rc5 h4 54.
Rc6+ Kg5 55. Rc5+ Kg4 0-1

[Event "Swedish U16 Team Championship 2019 - Final"]
[Site "Molnlycke Kulturhus, Biblioteksgatan 2, Molnlycke, Sweden"]
[Date "2019.08.17"]
[Round "3.6"]
[White "Anfalt, Erik"]
[Black "Backlund, Elias"]
[Result "1-0"]
[TimeControl "90 minutes + 30 seconds per move from move one."]
[WhiteElo "1558"]
[BlackElo "1603"]

1. e4 d5 2. exd5 Qxd5 3. Nc3 Qa5 4. Nf3 Bg4 5. Be2 Nf6 6. h3 Bh5 7. O-O e6 8. Nd4 Bg6 9. Nb3 Qb6 10.
d3 c6 11. Be3 Qc7 12. Qd2 Bd6 13. Rad1 O-O 14. Bf3 Rd8 15. Bg5 Be7 16. Qe2 Nd5 17. Bxe7 Qxe7 18. Ne4 Nd7 19. c4 N5f6 20.
d4 Nb6 21. c5 Nbd5 22. Nd6 Ne8 23. Bxd5 cxd5 24. Nb5 a6 25. Nc3 Qg5 26. Qg4 Qxg4 27. hxg4 Bc2 28. Rd2 Bxb3 29. axb3 Nf6 30.
f3 Nd7 31. f4 Rdc8 32. f5 h6 33. fxe6 fxe6 34. Re2 Re8 35. Rfe1 Kf7 36. Kf2 Rad8 37. Kg3 g5 38. Rf1+ Kg7 39.
Ref2 Rf8 40. Re1 Rxf2 41. Kxf2 Rf8+ 42. Kg3 Rf6 43. b4 b5 44. c6 Nb6 45. Ra1 e5 46. Rxa6 exd4 47. Rxb6 dxc3 48.
bxc3 Kg6 49. c7 Rxb6 50. c8=Q Rd6 51. Qf5+ Kg7 52. Qe5+ Rf6 53. Qxd5 Rb6 54. Qe5+ Kg6 55. Qc5 Re6 56.
Qf5+ Kg7 57. Qxe6 h5 58. gxh5 g4 59. Kxg4 Kf8 60. Qd7 Kg8 61. Kg5 Kh8 62. Kh6 Kg8 63. Qe8# 1-0

[Event "Swedish U16 Team Championship 2019 - Final"]
[Site "Molnlycke Kulturhus, Biblioteksgatan 2, Molnlycke, Sweden"]
[Date "2019.08.17"]
[Round "3.7"]
[White "Rasti, Arvin"]
[Black "Soderstrom, Adrian"]
[Result "1/2-1/2"]
[TimeControl "90 minutes + 30 seconds per move from move one."]
[WhiteElo "2116"]
[BlackElo "1970"]

1. d4 g6 2. e4 Nf6 3. Nc3 d5 4. Bd3 c5 5. dxc5 d4 6. Nce2 Nc6 7. Bg5 Nd7 8. Nf3 Bg7 9. O-O Nxc5 10.
Qd2 h6 11. Bh4 O-O 12. Ne1 g5 13. Bg3 e5 14. b4 Nxd3 15. Nxd3 f6 16. Rfd1 b6 17. c3 Be6 18. b5 dxc3 19.
Qxc3 Nd4 20. Nxd4 Qxd4 21. Qxd4 exd4 22. f4 Bc4 23. a4 Rae8 24. Nf2 f5 25. e5 gxf4 26. Bxf4 Bxe5 27. Bxe5 Rxe5 28.
Rxd4 Rfe8 29. h3 Re1+ 30. Rxe1 Rxe1+ 31. Kh2 Bb3 32. Rb4 Bc2 33. Rd4 Bb3 34. Kg3 Kf7 35. Nd3 Re4 36. Rxe4 fxe4 37.
Nb2 Ke6 38. Kf4 Kd5 39. Ke3 h5 40. g3 Ke5 41. g4 h4 42. g5 Be6 43. g6 Kf6 44. Kxe4 Kxg6 45. Kf4 Bxh3 46. Nc4 1/2-1/2

[Event "Swedish U16 Team Championship 2019 - Final"]
[Site "Molnlycke Kulturhus, Biblioteksgatan 2, Molnlycke, Sweden"]
[Date "2019.08.17"]
[Round "3.8"]
[White "Falkevall, Axel"]
[Black "Lindholm, Gustav"]
[Result "1-0"]
[TimeControl "90 minutes + 30 seconds per move from move one."]
[WhiteElo "2046"]
[BlackElo "2006"]

1. e4 d5 2. exd5 Qxd5 3. Nc3 Qd6 4. d4 Nf6 5. Nf3 c6 6. Ne5 Nbd7 7. Nc4 Qc7 8. Qf3 Nb6 9. Ne5 e6 10.
Bf4 Bd6 11. Bg3 Nbd5 12. Nxd5 exd5 13. Bd3 O-O 14. O-O Qb6 15. c3 Qxb2 16. Rfb1 Qa3 17. Rb3 Qa5 18. Nxc6 bxc6 19. Bxd6 Re8 20.
Be5 Nd7 21. Bxh7+ Kxh7 22. Qxf7 Rxe5 23. dxe5 Nc5 24. Rb4 Qd8 25. Qh5+ Kg8 26. Rh4 Bf5 27. g3 Qf8 28. Re1 Rb8 29.
e6 Nxe6 30. Rxe6 Bxe6 31. Qh8+ Kf7 32. Rf4+ Ke7 33. Rxf8 Rxf8 34. Qxg7+ Rf7 35. Qg5+ 1-0

[Event "Swedish U16 Team Championship 2019 - Final"]
[Site "Molnlycke Kulturhus, Biblioteksgatan 2, Molnlycke, Sweden"]
[Date "2019.08.17"]
[Round "3.9"]
[White "Strom-Engdahl, Alexander"]
[Black "Grahn, Vidar"]
[Result "1/2-1/2"]
[TimeControl "90 minutes + 30 seconds per move from move one."]
[WhiteElo "1858"]
[BlackElo "1898"]

1. c4 Nf6 2. g3 e6 3. Bg2 d5 4. Nf3 c6 5. b3 Bd6 6. Bb2 Nbd7 7. d4 Ne4 8. O-O f5 9. Ne5 O-O 10.
e3 Qg5 11. f4 Qe7 12. Nc3 Ndf6 13. Bf3 Nxc3 14. Bxc3 Ne4 15. Bxe4 fxe4 16. Qg4 Bxe5 17. fxe5 Bd7 18. a3 Rxf1+ 19. Kxf1 Rf8+ 20. Kg2 Qf7 21. Qe2 Qf3+ 22. Qxf3 Rxf3 23. Bd2 g5 24. c5 1/2-1/2

[Event "Swedish U16 Team Championship 2019 - Final"]
[Site "Molnlycke Kulturhus, Biblioteksgatan 2, Molnlycke, Sweden"]
[Date "2019.08.17"]
[Round "3.10"]
[White "Bergqvist, Gustav 2004"]
[Black "Lindholm, Marcus"]
[Result "1-0"]
[TimeControl "90 minutes + 30 seconds per move from move one."]
[WhiteElo "1833"]
[BlackElo "1412"]

1. d4 d5 2. Nf3 Nf6 3. e3 Bf5 4. Bd3 Bxd3 5. Qxd3 Nc6 6. O-O g6 7. b3 Bg7 8. Bb2 O-O 9. a3 Re8 10.
Nbd2 Qd7 11. c4 e6 12. b4 dxc4 13. Nxc4 e5 14. b5 e4 15. bxc6 Qxc6 16. Nfe5 exd3 17. Nxc6 bxc6 18. Rfd1 Ne4 19.
Rxd3 Nd6 20. Nxd6 cxd6 21. a4 c5 22. Rc1 Rac8 23. Kf1 c4 24. Rdc3 d5 25. Ba3 Bh6 26. Ke2 Rb8 27. Bc5 Rb7 28.
a5 Bf8 29. Bxf8 Kxf8 30. Ra3 Reb8 31. e4 Re8 32. e5 Rb2+ 33. Ke1 f6 34. Rf3 f5 35. g4 Ke7 36. gxf5 gxf5 37. Rxf5 Ra2 38.
Rb1 c3 39. Rb7+ Kd8 40. Rff7 Rb2 41. Rxa7 Kc8 42. Ra8+ Rb8 43.
Rxb8+ 1-0

[Event "Swedish U16 Team Championship 2019 - Final"]
[Site "Molnlycke Kulturhus, Biblioteksgatan 2, Molnlycke, Sweden"]
[Date "2019.08.17"]
[Round "3.11"]
[White "Ghaderi, Roshan"]
[Black "Tran, Alva Ling"]
[Result "0-1"]
[TimeControl "90 minutes + 30 seconds per move from move one."]
[WhiteElo "1379"]
[BlackElo "1735"]

1. e4 c5 2. Nf3 e6 3. d4 cxd4 4. Nxd4 a6 5. Nc3 Qc7 6. g3 Nf6 7. Bg2 Bb4 8. Bd2 Nc6 9. Nxc6 dxc6 10.
a3 Bc5 11. O-O Bd7 12. Qc1 h5 13. h4 Qxg3 14. Bg5 Ng4 15. Qf4 Qxf4 16. Bxf4 e5 17. Bg3 O-O-O 18. Bh3 Rhe8 19. Na4 Ba7 20. Rab1 Nf6 21. Bxd7+ Rxd7 22.
Rfe1 Rd2 23. Rbc1 Ng4 24. Rf1 Red8 25. Nc3 Bd4 26. Nb1 Re2 27. Nc3 Bxc3 28. bxc3 Rdd2 29. a4 Rxc2 30. Rxc2 Rxc2 31.
f3 Ne3 0-1

[Event "Swedish U16 Team Championship 2019 - Final"]
[Site "Molnlycke Kulturhus, Biblioteksgatan 2, Molnlycke, Sweden"]
[Date "2019.08.17"]
[Round "3.12"]
[White "Isaksson, Philip"]
[Black "Storme, Joel"]
[Result "1-0"]
[TimeControl "90 minutes + 30 seconds per move from move one."]
[WhiteElo "1675"]
[BlackElo "1371"]

1. e4 d5 2. exd5 Qxd5 3. d4 Nf6 4.
Nf3 Bf5 5. Be2 Nbd7 6. c4 Qd6 7. Nc3 c6 8. O-O O-O-O 9. Qa4 Qb8 10. b4 Ne4 11. Nxe4 Bxe4 12. Be3 e6 13. Rfc1 a6 14.
Nd2 Bg6 15. b5 Qc7 16. bxa6 bxa6 17. Qxa6+ Qb7 18. Qxb7+ Kxb7 19. d5 exd5 20. cxd5 cxd5 21. Bf4 Rc8 22. Ba6+ Kxa6 23. Rxc8 Nb6 24.
Rb8 Ka7 25. a4 Bf5 26. a5 Nd7 27. Rd8 g6 28. Be3+ Kb7 29. a6+ Kc7 30. a7 1-0

[Event "Swedish U16 Team Championship 2019 - Final"]
[Site "Molnlycke Kulturhus, Biblioteksgatan 2, Molnlycke, Sweden"]
[Date "2019.08.17"]
[Round "3.13"]
[White "Kucuksari, Kaan"]
[Black "Rasmusson, Max"]
[Result "1-0"]
[TimeControl "90 minutes + 30 seconds per move from move one."]
[WhiteTitle "FM"]
[WhiteElo "2286"]
[BlackElo "1624"]

1. d4 Nf6 2. Nf3 e6 3. c4 d5 4.
g3 c6 5.
Qc2 Be7 6. Bg2 Nbd7 7. Nbd2 O-O 8. O-O dxc4 9. Nxc4 Nb6 10. Nce5 Bd7 11. e4 Rc8 12. Be3 h5 13. a4 Ng4 14.
Nxg4 hxg4 15. Ne5 f5 16. a5 Na8 17. exf5 exf5 18. Qb3+ Kh7 19. Qxb7 Qc7 20. Qxc7 Rxc7 21. Nxd7 Rxd7 22.
Bxc6 Rdd8 23. d5 Bf6 24. Bxa7 Bxb2 25. Ra4 Rf7 26. Be3 Nc7 27. a6 1-0

[Event "Swedish U16 Team Championship 2019 - Final"]
[Site "Molnlycke Kulturhus, Biblioteksgatan 2, Molnlycke, Sweden"]
[Date "2019.08.17"]
[Round "3.14"]
[White "Holmquist, Oliver 2006"]
[Black "Bensryd, Hampus"]
[Result "0-1"]
[TimeControl "90 minutes + 30 seconds per move from move one."]
[WhiteElo "1137"]
[BlackElo "1907"]

1. e4 e5 2. Nf3 Nc6 3. Bc4 Bc5 4. d3 Nf6 5. Bg5 d6 6. h3 h6 7. Bh4 g5 8. Bg3 Ne7 9. Nc3 a6 10.
Nd2 Ng6 11. Qf3 c6 12. O-O-O b5 13. Bb3 a5 14. a3 b4 15. Na4 Bd4 16. Bc4 O-O 17. Qe2 bxa3 18. bxa3 d5 19. Bb3 Qe7 20.
Nb1 dxe4 21. dxe4 Ba6 22. Qe1 Nh5 23. c3 Ba7 24. Rd2 Nhf4 25. Bxf4 Nxf4 26. c4 Rfd8 27. Qf1 Rxd2 28. Kxd2 Qd6+ 29.
Kc2 Qd4 30. Nd2 Rd8 31. Qe1 Qd3+ 32. Kc1 Ne2+ 33. Kd1 Qxb3+ 34. Kxe2 Bxc4+ 35. Nxc4 Qxc4+ 36. Kf3 Rd3+ 37. Kg4 Qe6+ 38.
Kh5 Qg6+ 39. Kg4 h5# 0-1

[Event "Swedish U16 Team Championship 2019 - Final"]
[Site "Molnlycke Kulturhus, Biblioteksgatan 2, Molnlycke, Sweden"]
[Date "2019.08.17"]
[Round "3.15"]
[White "Nord, Alexander"]
[Black "Nordin, Marcus 2007"]
[Result "1-0"]
[TimeControl "90 minutes + 30 seconds per move from move one."]
[WhiteElo "1881"]
[BlackElo "1162"]

1. d4 e6 2. Nf3 d5 3. g3 b6 4.
Bg2 Bb7 5. O-O Na6 6. c4 c6 7. a3 Nc7 8. Qc2 Qd7 9. Ne5 Qe7 10. cxd5 cxd5 11. Nc3 O-O-O 12. Nb5 Kb8 13. Bf4 f6 14.
Nc6+ Bxc6 15. Bxc7+ Kb7 16. Bxd8 Qxd8 17. Nc3 Nh6 18. Rac1 Qd6 19. e4 dxe4 20. Nxe4 Qd5 21. Nc5+ bxc5 22. Bxd5 exd5 23. Rfe1 c4 24. Rb1 Ka8 25. b3 Bxa3 26. bxc4 Bd6 27. Re6 Nf7 28. c5 Bd7 29. Rxd6 Nxd6 30. cxd6 Rc8 31. Qb2 Bc6 32. d7 Rd8 33.
Qb4 a6 34. Qb6 Bb5 35. Qxd8+ Ka7 36. Qc7+ Ka8 37. d8=Q# 1-0

[Event "Swedish U16 Team Championship 2019 - Final"]
[Site "Molnlycke Kulturhus, Biblioteksgatan 2, Molnlycke, Sweden"]
[Date "2019.08.17"]
[Round "3.17"]
[White "Morell, Ludvig"]
[Black "Lyngsjo, Luke"]
[Result "1-0"]
[TimeControl "90 minutes + 30 seconds per move from move one."]
[WhiteElo "1771"]
[BlackElo "1107"]

1. e4 e5 2. Nf3 Nf6 3. Nxe5 d6 4.
Nf3 Nxe4 5. Nc3 Nxc3 6. dxc3 Be7 7. Be3 O-O 8. Qd2 Be6 9. Bd3 Nc6 10. h4 Ne5 11. O-O-O Nxd3+ 12. Qxd3 a5 13.
Ng5 Bxg5 14. hxg5 g6 15. Kb1 f5 16. Bd4 c5 17. Bf6 Rxf6 18. gxf6 Qxf6 19. Qxd6 Rc8 20. Rhe1 Rc6 21. Qd8+ Qxd8 22.
Rxd8+ Kg7 23. b3 b5 24. Rb8 b4 25. c4 Kf6 26. Ra8 1-0